 Dungeon Crawl Stone Soup version 0.31-a0-836-g3ceb0a68c4 (webtiles) character file.

Game seed: 5369939460293354790

103 Kurtz the Chopper (level 4, -3/31 HPs)
             Began as an Octopode Fighter on Sept 26, 2023.
             Killed by nerve-wracking pain
             ... invoked by Grinder
              (4 damage)
             ... on level 3 of the Dungeon.
             The game lasted 00:00:48 (1261 turns).

Kurtz the Chopper (Octopode Fighter)                Turns: 1261, Time: 00:00:49

Health: -3/31      AC:  1    Str: 17    XL:     4   Next: 79%
Magic:  4/4        EV: 13    Int: 10    God:
Gold:   64         SH:  4    Dex: 11    Spells: 3/3 levels left

rFire   . . .        j - +0 whip (freeze)
rCold   . . .        b - +0 buckler
rNeg    + . .        (helmet restricted)
rPois   .            (no amulet)
rElec   .            k - ring of positive energy
rCorr   .            (no ring)
SInv    .            (no ring)
Will    .....        (no ring)
Stlth   ++           (no ring)
HPRegen 0.25/turn    (no ring)
MPRegen 0.09/turn    (no ring)
                     (no ring)

%: no passive effects
@: invisible
A: almost no armour, amphibious, 8 rings, camouflage 1, gelatinous body 1,
(nimble swimmer 1), tentacles
a: no special abilities


You were on level 3 of the Dungeon.
You visited 1 branch of the dungeon, and saw 3 of its levels.

You collected 64 gold pieces.

Inventory:

Hand Weapons
 a - a +0 war axe
 j - a +0 whip of freezing (weapon)
Armour
 b - a +0 buckler (worn)
Jewellery
 k - a ring of positive energy (left tentacle)
 l - a ring of willpower
Scrolls
 d - 2 scrolls of vulnerability {unknown}
 g - a scroll of teleportation {unknown}
 h - a scroll of amnesia {unknown}
 i - a scroll of enchant weapon {unknown}
 m - a scroll of poison {unknown}
Potions
 c - a potion of might
 f - a potion of curing {unknown}


   Skills:
 - Level 3.0 Fighting
 * Level 4.8 Axes
 - Level 3.0 Dodging
 - Level 3.0 Shields


You had 3 spell levels left.
You didn't know any spells.
Your spell library contained the following spells:

 Spells                   Type           Power      Damage    Failure   Level
 Vhi's Electric Charge    Tloc/Air       0%         N/A       99%         4
 Arcjolt                  Conj/Air       0%         1d10      100%        5
 Maxwell's Capacitive Co  Air            0%         ∞         100%        8


Dungeon Overview and Level Annotations

Branches:
Dungeon (3/15)

Altars:

Annotations:
D:3 Grinder


Innate Abilities, Weirdness & Mutations

You cannot wear most types of armour.
You are amphibious.
You can wear up to eight rings at the same time.
Your skin changes colour to match your surroundings (Stealth+).
Your rubbery body absorbs attacks. (AC +1, EV +1)
((You are camouflaged when in or above water. (Stealth+)))
You have tentacles for arms and can constrict up to eight enemies at once.


Message History

You hit Grinder.
Grinder is lightly wounded.
You constrict Grinder. Grinder hits you.
You hit Grinder but do no damage.
Grinder is lightly wounded.
You constrict Grinder.
Grinder zaps a wand.
The puff of flame hits you.
Unknown command.
You hit Grinder.
Grinder is moderately wounded.
You constrict Grinder. Grinder gestures at you.
You suddenly lose the ability to move!
You lose your grip on Grinder.
Grinder blinks!
Grinder gestures at you. Pain shoots through your body!
You can move again.
Unknown command.
Unknown command.
You block Grinder's attack.
You closely miss Grinder. You grab Grinder. Your squeeze misses Grinder.
Grinder is moderately wounded.
You constrict Grinder. Grinder gestures at you. Pain shoots through your body!
You barely miss Grinder. You squeeze Grinder!
Grinder is heavily wounded.
You constrict Grinder. Grinder hits you!
You writhe in agony.
You barely miss Grinder. Your squeeze misses Grinder.
Grinder is heavily wounded.
You constrict Grinder.
Grinder zaps a wand.
The puff of flame hits you!
* * * LOW HITPOINT WARNING * * *
Unknown command.
Unknown command.
It was a potion of invisibility.
You fade into invisibility!
You constrict Grinder. Grinder gestures at you. Pain shoots through your body!
You die...
Grinder says, "Now the real fun starts!"

###+###... #.#
#.....)..# #.##
#......?.# #..###
#........# #...<####
#........# #.......#
#........# #..####.#
#.......!####.......##
#.............##.†...##
#.....@!.########......
#.....5..# #......
#........# #......
#.......... #......
########.... #######
#...... #...... ......


You could see Grinder (unable to see you).

Vanquished Creatures
  2 orc wizards (D:2)
  A worm (D:2)
  A dart slug (D:1)
  3 orcs (D:2)
  2 bats (D:1)
  3 endoplasms
  2 giant cockroaches (D:2)
  4 goblins (D:1)
  6 hobgoblins
  5 quokkas
  3 ball pythons (D:1)
  5 frilled lizards
  A kobold (D:2)
  6 rats
44 creatures vanquished.

Notes
Turn   | Place    | Note
-------+----------+-------------------------------------------
     0 | D:1      | Kurtz the Octopode Fighter began the quest for the Orb.
     0 | D:1      | Reached XP level 1. HP: 16/16 MP: 1/1
   127 | D:1      | Reached XP level 2. HP: 21/21 MP: 2/2
   144 | D:1      | Reached skill level 3 in Axes
   464 | D:1      | Reached XP level 3. HP: 26/26 MP: 3/3
   923 | D:2      | Reached skill level 4 in Axes
   923 | D:2      | Reached XP level 4. HP: 28/31 MP: 4/4
  1242 | D:3      | Noticed Grinder
  1245 | D:3      | Paralysed by Grinder for 4 turns
  1252 | D:3      | Paralysed by Grinder for 4 turns
  1260 | D:3      | HP: 1/31 [Grinder/puff of flame (9)]
  1261 | D:3      | Killed from afar by Grinder

Illustrated notes

Levels and vault maps discovered:
D:1:      heliophobic_arrival_battle_scene, layout_basic, minivault_27
D:2:      layout_basic, hangedman_decor_peaks_small, minmay_pentomino_x4
D:3:      layout_basic, serial_park_tiny_pond, minivault_11,
          nrook_loot_triangle, uniq_grinder

Skill      XL: |  1  2  3 |
---------------+----------+-----
Axes           | 3 4 |  4.8
Fighting       | |  3.0
Dodging        | |  3.0
Shields        | |  3.0

Action                     |  1- 3 |  4- 6 || total
---------------------------+-------+-------++-------
  Melee: War axe           |    47 |       ||    47
         Tentacles         |    11 |     6 ||    17
         Constrict         |    15 |     5 ||    20
         Whip              |    16 |    22 ||    38
    Use: Potion            |       |     1 ||     1
   Stab: Sleeping          |     5 |       ||     5
 Armour: Skin              |    20 |    12 ||    32
  Dodge: Dodged            |    30 |     7 ||    37
  Block: Buckler           |     7 |     3 ||    10

Table legend: (Time is in decaauts)
 A = Elapsed time spent in this place.
 B = Non-inter-level travel time spent in this place.
 C = Inter-level travel time spent in this place.
 D = Time resting spent in this place.
 E = Time spent auto-exploring this place.
 F = Levels seen in this place.
 G = Mean time per level.
                   A        B        C        D        E       F      G
               +--------+--------+--------+--------+--------+-----+--------+
         Total |   1279 |   1211 |     68 |     63 |    907 |   3 |  426.3 |
       Dungeon |   1279 |   1211 |     68 |     63 |    907 |   3 |  426.3 |
               +--------+--------+--------+--------+--------+-----+--------+

Top non-repeatable levels by time:
     D:1: 733 daAuts
     D:2: 503 daAuts
     D:3: 42 daAuts
